Scraper vs Wolves
(R1)
Created - 15 octobre 2014 at 23:45
Goals
|
Scraper |
1 |
2 |
1 |
4 |
Wolves |
3 |
1 |
2 |
6 |
|
Shots
|
Scraper |
3 |
8 |
7 |
18 |
Wolves |
12 |
9 |
6 |
27 |
|
1st period
1. Wolves , Milan Bartovic 3 (Bruno Gervais) at 12:28
2. Scraper , Brendan Smith 1 (Unassisted) at 16:17
3. Wolves , Mike Zigomanis 12 (Chris Neil, Bruno Gervais) at 16:39 (PP)
4. Wolves , Mike Zigomanis 13 (Chris Neil, Matt Gilroy) at 17:57
Penalties :
Jonas Junland (Min) for Hooking (Minor) at 5:50, Rick Schofield (Out) for Hooking (Minor) at 13:30, Chris Neil (Min) for Hooking (Minor) at 13:51, Evander Kane (Out) for Interference (Minor) at 16:22, Carl Klingberg (Min) for Tripping (Minor) at 19:08
2nd period
5. Scraper , Brendan Smith 2 (Ryan O'Reilly) at 0:10 (PP)
6. Wolves , Nathan Davis 4 (Carl Klingberg, Johan Ryno) at 2:38
7. Scraper , Eric Godard 4 (Brendan Smith, Eric Gryba) at 5:54 (SH)
Penalties :
Chris Neil (Min) for Fighting (Major) at 1:02, Valeri Bure (Out) for Fighting (Major) at 1:02, Ryan O'Reilly (Out) for Cross-checking (Minor) at 4:31, Mike Zigomanis (Min) for High sticking (Minor) at 12:42
3rd period
8. Wolves , Milan Bartovic 4 (Geoff Paukovich, Matt Gilroy) at 1:29 (PP)
9. Wolves , Mike Zigomanis 14 (Chris Neil, Dmitry Kulikov) at 4:38
10. Scraper , Ryan O'Reilly 1 (Evander Kane, Denis Shvidki) at 4:59 (PP)
Penalties :
Brendan Smith (Out) for Hooking (Minor) at 0:51, Carl Klingberg (Min) for Holding (Minor) at 2:25, Dmitry Kulikov (Min) for Hooking (Minor) at 4:48, Dmitry Kulikov (Min) for Hooking (Minor) at 5:14, Marc-André Gragnani (Min) for Hooking (Minor) at 5:34
Goalie Stats
Maxime Ouellet (Out), 12 saves from 14 shots - (0,857), L, 0-3-0, 37:22 minutes
Peter Mannino (Out), 9 saves from 13 shots - (0,692), 22:38 minutes
Eddie Lack (Min), 14 saves from 18 shots - (0,778), W, 1-0-0, 60:00 minutes
Players Stats for Scraper
Player Name G A P +/- PIM S H SB GA TA FO MP PP MP PK MP
------------------------------------------------------------------------------------
Ben Eager 0 0 0 -1 0 2 1 0 1 1 0/1 15:35 0:13 0:00
Brendan Smith 2 1 3 0 2 2 2 1 2 1 0/0 25:55 6:38 0:42
Cameron Gaunce 0 0 0 0 0 0 0 0 0 0 0/0 0:00 0:00 0:00
Daniel Winnik 0 0 0 0 0 0 0 0 0 0 0/0 9:15 3:55 0:00
Denis Shvidki 0 1 1 -1 0 3 3 0 3 0 1/2 21:20 5:27 0:00
Derek Joslin 0 0 0 -1 0 0 0 1 0 0 0/0 24:44 6:01 2:39
Eric Godard 1 0 1 0 0 2 0 0 0 1 2/2 9:32 0:28 0:41
Eric Gryba 0 1 1 1 0 1 1 2 1 1 0/0 20:23 3:12 0:42
Eric Knodel 0 0 0 0 0 0 0 0 0 0 0/0 0:00 0:00 0:00
Evander Kane 0 1 1 -1 2 3 3 1 0 0 2/2 20:26 5:27 0:00
Ilkka Heikkinen 0 0 0 -2 0 1 0 2 0 0 0/0 18:20 3:12 2:33
Jared Cowen 0 0 0 0 0 0 0 2 0 2 0/0 21:11 0:15 2:33
Jerome Samson 0 0 0 0 0 0 0 0 0 0 0/0 0:17 0:00 0:00
Joe Finley 0 0 0 -2 0 0 1 0 0 0 0/0 12:05 0:22 0:00
Marcus Foligno 0 0 0 -2 0 0 1 0 0 2 1/1 10:05 0:00 0:00
Reilly Smith 0 0 0 -2 0 0 1 2 0 0 0/1 16:31 0:28 0:00
Rick Schofield 0 0 0 -1 2 1 0 0 1 0 9/19 20:44 4:10 2:18
Roman Horak 0 0 0 0 0 0 1 1 0 0 3/6 14:01 0:00 0:36
Ryan O'Reilly 1 1 2 -1 2 1 2 0 0 0 12/23 20:59 5:27 0:00
Valeri Bure 0 0 0 1 5 2 3 0 0 0 0/0 14:00 3:55 0:38
Players Stats for Wolves
Player Name G A P +/- PIM S H SB GA TA FO MP PP MP PK MP
------------------------------------------------------------------------------------
Bruno Gervais 0 2 2 -1 0 1 4 0 1 0 0/0 23:01 2:22 1:53
Carl Klingberg 0 1 1 1 4 1 2 0 0 0 0/0 11:16 0:00 0:47
Chris Neil 0 3 3 2 7 2 1 0 2 0 0/1 17:12 1:09 2:00
Chris Terry 0 0 0 0 0 0 1 0 0 0 0/0 7:59 0:00 0:00
Dan Fritsche 0 0 0 -1 0 4 1 1 0 0 2/5 10:59 1:25 0:56
Dmitry Kulikov 0 1 1 -1 4 0 3 3 0 0 0/0 25:07 2:22 2:51
Geoff Paukovich 0 1 1 -1 0 1 2 1 0 0 0/0 13:28 0:49 0:20
James Marcou 0 0 0 0 0 0 0 0 0 0 0/0 0:00 0:00 0:00
Johan Ryno 0 1 1 0 0 0 1 0 0 2 1/1 13:45 0:23 4:53
Jonas Junland 0 0 0 0 2 3 1 0 0 3 0/0 20:19 0:00 5:25
Jonathan Rheault 0 0 0 1 0 0 0 0 0 0 0/0 10:05 0:00 0:00
Kevin Veilleux 0 0 0 0 0 0 0 0 0 0 0/2 7:59 0:00 0:00
Maksim Mayorov 0 0 0 0 0 0 0 0 0 0 0/0 0:00 0:00 0:00
Marc Methot 0 0 0 0 0 0 1 0 0 3 0/0 18:47 0:00 3:51
Marc-André Gragnani 0 0 0 0 2 0 0 0 0 0 0/0 5:26 0:00 5:02
Mark Fayne 0 0 0 3 0 0 1 0 0 0 0/0 13:06 0:53 0:00
Matt Gilroy 0 2 2 3 0 3 2 1 1 0 0/0 14:50 0:53 0:37
Mike Sislo 0 0 0 2 0 3 2 1 0 0 1/2 16:08 2:26 0:00
Mike Zigomanis 3 0 3 2 2 4 1 0 2 0 14/31 18:47 2:26 0:00
Milan Bartovic 2 0 2 -1 0 4 2 0 1 0 0/0 16:45 0:49 2:31
Nathan Davis 1 0 1 1 0 1 2 0 1 0 8/14 16:58 0:00 5:28
Petr Kalus 0 0 0 0 0 0 0 0 0 0 0/0 0:00 0:00 0:00
Ryan Bourque 0 0 0 0 0 0 0 0 0 0 1/1 4:47 0:17 1:06
Stefan Chaput 0 0 0 0 0 0 0 0 0 0 0/0 0:00 0:00 0:00
3 Stars
1 - Mike Zigomanis (Min)
2 - Brendan Smith (Out)
3 - Matt Gilroy (Min)
Power Play
Scraper - 2 on 8 Attempt(s) - 25,00%
Wolves - 2 on 5 Attempt(s) - 40,00%
Penalty Kill
Scraper - 3 on 5 Attempt(s) - 60,00%
- Score 1 goal in Penalty Kill
Wolves - 6 on 8 Attempt(s) - 75,00%
- Score 0 goal in Penalty Kill
Official
Referees : Auger Stephane and Hasenfratz Mike
Linesman : Steve Miller and Andy McElman
Game Notes
16:17 of 1st period - Penalty Shot by Brendan Smith for Scraper - Goal!
Valeri Bure beats up Chris Neil at 1:02 of 2nd period
Maxime Ouellet enters game at 2:38 of 2nd period
Dan Fritsche is injured at 12:31 of 2nd period (Sprained Left Ankle)
Mike Zigomanis has scored a Hat Trick!
Finance
Level 1 -- Attendance: 1535 (76,75%) -- Ticket Income 53 725 $
Level 2 -- Attendance: 698 (69,80%) -- Ticket Income 10 470 $
Total Attendance: 2233 (74,43%)
Total Ticket Income: 64 195 $
Other Income: 3 210 $
Total Income: 67 405 $
Scraper
5 vs 5 Forward
Center Left Wing Right Wing Time % Phy DF OF
1 Ryan O'Reilly Evander Kane Reilly Smith 35 1 2 2
2 Rick Schofield Ben Eager Denis Shvidki 35 1 2 2
3 Roman Horak Marcus Foligno Valeri Bure 25 1 2 2
4 Roman Horak Daniel Winnik Eric Godard 5 1 2 2
5 vs 5 Defense
Defense Defense Time % Phy DF OF
1 Brendan Smith Jared Cowen 40 1 2 2
2 Derek Joslin Eric Gryba 35 1 2 2
3 Joe Finley Ilkka Heikkinen 15 1 2 2
4 Brendan Smith Jared Cowen 10 1 2 2
PowerPlay Forward
Center Left Wing Right Wing Time % Phy DF OF
1 Ryan O'Reilly Evander Kane Denis Shvidki 60 1 2 2
2 Rick Schofield Daniel Winnik Valeri Bure 40 1 2 2
PowerPlay Defense
Defense Defense Time % Phy DF OF
1 Derek Joslin Brendan Smith 60 1 2 2
2 Eric Gryba Ilkka Heikkinen 40 1 2 2
Penalty Kill 4 Players Forward
Center Wing Time % Phy DF OF
1 Rick Schofield Derek Joslin 60 1 2 2
2 Roman Horak Valeri Bure 40 1 2 2
Penalty Kill 4 Players Defense
Defense Defense Time % Phy DF OF
1 Ilkka Heikkinen Jared Cowen 60 1 2 2
2 Eric Gryba Brendan Smith 40 1 2 2
Penalty Kill - 3 Players Forward
Forward Time % Phy DF OF
1 Roman Horak 60 1 2 2
2 Rick Schofield 40 1 2 2
Penalty Kill - 3 Players Defense
Defense Defense Time % Phy DF OF
1 Derek Joslin Jared Cowen 60 1 2 2
2 Eric Gryba Brendan Smith 40 1 2 2
4 vs 4 Forward
Center Wing Time % Phy DF OF
1 Ryan O'Reilly Denis Shvidki 60 1 2 2
2 Rick Schofield Valeri Bure 40 1 2 2
4 vs 4 Defense
Defense Defense Time % Phy DF OF
1 Brendan Smith Jared Cowen 60 1 2 2
2 Derek Joslin Ilkka Heikkinen 40 1 2 2
Last Minutes Offensive
Center Left Wing Right Wing Defense Defense
Ryan O'Reilly Evander Kane Denis Shvidki Derek Joslin Brendan Smith
Last Minutes Defensive
Center Left Wing Right Wing Defense Defense
Rick Schofield Ben Eager Denis Shvidki Jared Cowen Brendan Smith
Goaltenders
Starting : Peter Mannino
Backup : Maxime Ouellet
Extra Forwards
Normal : Evander Kane, Reilly Smith, Eric Godard - PP : Evander Kane, Reilly Smith - PK : Eric Godard
Extra Defensemen
Normal : Eric Gryba, Jared Cowen, Ilkka Heikkinen - PP : Eric Gryba - PK : Jared Cowen, Ilkka Heikkinen
Penalty Shots
Denis Shvidki, Ryan O'Reilly, Evander Kane, Valeri Bure, Ben Eager
Wolves
5 vs 5 Forward
Center Left Wing Right Wing Time % Phy DF OF
1 Mike Zigomanis Mike Sislo Chris Neil 40 2 1 2
2 Dan Fritsche Geoff Paukovich Milan Bartovic 30 2 1 2
3 Nathan Davis Carl Klingberg Jonathan Rheault 20 1 1 3
4 Kevin Veilleux Chris Terry Johan Ryno 10 2 2 1
5 vs 5 Defense
Defense Defense Time % Phy DF OF
1 Bruno Gervais Dmitry Kulikov 40 2 2 1
2 Jonas Junland Marc Methot 30 2 2 1
3 Mark Fayne Matt Gilroy 20 2 2 1
4 Bruno Gervais Dmitry Kulikov 10 2 2 1
PowerPlay Forward
Center Left Wing Right Wing Time % Phy DF OF
1 Mike Zigomanis Mike Sislo Chris Neil 60 0 0 5
2 Dan Fritsche Geoff Paukovich Milan Bartovic 40 0 0 5
PowerPlay Defense
Defense Defense Time % Phy DF OF
1 Dmitry Kulikov Bruno Gervais 60 0 2 3
2 Matt Gilroy Mark Fayne 40 0 2 3
Penalty Kill 4 Players Forward
Center Wing Time % Phy DF OF
1 Nathan Davis Johan Ryno 60 1 4 0
2 Milan Bartovic Dan Fritsche 40 1 4 0
Penalty Kill 4 Players Defense
Defense Defense Time % Phy DF OF
1 Jonas Junland Marc-André Gragnani 60 2 3 0
2 Dmitry Kulikov Marc Methot 40 2 3 0
Penalty Kill - 3 Players Forward
Forward Time % Phy DF OF
1 Nathan Davis 60 1 4 0
2 Milan Bartovic 40 1 4 0
Penalty Kill - 3 Players Defense
Defense Defense Time % Phy DF OF
1 Jonas Junland Marc-André Gragnani 60 2 3 0
2 Bruno Gervais Matt Gilroy 40 2 3 0
4 vs 4 Forward
Center Wing Time % Phy DF OF
1 Mike Zigomanis Nathan Davis 60 1 1 3
2 Milan Bartovic Dan Fritsche 40 1 1 3
4 vs 4 Defense
Defense Defense Time % Phy DF OF
1 Matt Gilroy Dmitry Kulikov 60 1 3 1
2 Bruno Gervais Marc Methot 40 1 3 1
Last Minutes Offensive
Center Left Wing Right Wing Defense Defense
Mike Zigomanis Mike Sislo Chris Neil Dmitry Kulikov Bruno Gervais
Last Minutes Defensive
Center Left Wing Right Wing Defense Defense
Dan Fritsche Mike Sislo Milan Bartovic Jonas Junland Marc-André Gragnani
Goaltenders
Starting : Eddie Lack
Backup : Jamie Storr
Extra Forwards
Normal : Chris Neil, Dan Fritsche, Mike Zigomanis - PP : Mike Zigomanis, Dan Fritsche - PK : Chris Neil
Extra Defensemen
Normal : Dmitry Kulikov, Bruno Gervais, Marc Methot - PP : Dmitry Kulikov - PK : Jonas Junland, Marc Methot
Penalty Shots
Chris Neil, Mike Sislo, Milan Bartovic, Dan Fritsche, Nathan Davis
% Time on Ice - Scraper
Lines # - Real PCT - Wanted PCT - Time Play
Normal Forward
1 - 31% - 35% - 13:54
2 - 37% - 35% - 16:51
3 - 22% - 25% - 10:06
4 - 10% - 5% - 4:26
Normal Defense
1 - 39% - 40% - 17:30
2 - 34% - 35% - 15:18
3 - 25% - 15% - 11:13
4 - 3% - 10% - 1:16
PP Forward
1 - 60% - 60% - 5:55
2 - 40% - 40% - 3:55
PP Defense
1 - 67% - 60% - 6:38
2 - 33% - 40% - 3:12
PK Forward
1 - 82% - 60% - 2:39
2 - 18% - 40% - 0:36
PK Defense
1 - 78% - 60% - 2:33
2 - 22% - 40% - 0:42
PK3 Forward
1 - 0% - 60%
2 - 0% - 40%
PK3 Defense
1 - 0% - 60%
2 - 0% - 40%
44 Forward
1 - 76% - 60% - 1:14
2 - 24% - 40% - 0:24
44 Defense
1 - 79% - 60% - 1:17
2 - 21% - 40% - 0:21
Last Minute Offensive - 0:00
Last Minute Defensive - 0:00
Total
Forward - 60:00
Defense - 60:00
|
% Time on Ice - Wolves
Lines # - Real PCT - Wanted PCT - Time Play
Normal Forward
1 - 31% - 40% - 13:58
2 - 29% - 30% - 13:15
3 - 22% - 20% - 10:05
4 - 18% - 10% - 7:59
Normal Defense
1 - 39% - 40% - 17:47
2 - 33% - 30% - 15:01
3 - 26% - 20% - 11:37
4 - 2% - 10% - 0:52
PP Forward
1 - 75% - 60% - 2:26
2 - 25% - 40% - 0:49
PP Defense
1 - 73% - 60% - 2:22
2 - 27% - 40% - 0:53
PK Forward
1 - 72% - 60% - 5:55
2 - 28% - 40% - 2:16
PK Defense
1 - 68% - 60% - 5:35
2 - 32% - 40% - 2:36
PK3 Forward
1 - 85% - 60% - 1:24
2 - 15% - 40% - 0:15
PK3 Defense
1 - 78% - 60% - 1:17
2 - 22% - 40% - 0:22
44 Forward
1 - 81% - 60% - 1:19
2 - 19% - 40% - 0:19
44 Defense
1 - 68% - 60% - 1:07
2 - 32% - 40% - 0:31
Last Minute Offensive - 0:00
Last Minute Defensive - 0:00
Total
Forward - 60:00
Defense - 60:00
|
Play by Play
1st period
0:01 of 1st period - Ryan O'Reilly wins face-off versus Mike Zigomanis in neutral zone.
0:04 of 1st period - Snap shot by Reilly Smith.
0:04 of 1st period - Shot Blocked by Dmitry Kulikov.
0:26 of 1st period - Rick Schofield is hit by Geoff Paukovich.
0:32 of 1st period - Snap shot by Milan Bartovic.
0:32 of 1st period - Shot Misses the Net.
0:34 of 1st period - Wrist shot by Milan Bartovic.
0:34 of 1st period - Shot Misses the Net.
0:36 of 1st period - Slapshot by Jonas Junland.
0:36 of 1st period - Deflect By Dan Fritsche.
0:36 of 1st period - Shot Misses the Net.
0:36 of 1st period - Puck is out of play.
0:37 of 1st period - Roman Horak wins face-off versus Nathan Davis in Scraper zone.
0:44 of 1st period - Nathan Davis is hit by Valeri Bure and loses puck.
0:53 of 1st period - Slapshot by Jonas Junland.
0:53 of 1st period - Stopped by Peter Mannino without a rebound.
0:54 of 1st period - Rick Schofield wins face-off versus Kevin Veilleux in Scraper zone.
1:06 of 1st period - Slapshot by Ben Eager.
1:06 of 1st period - Shot Misses the Net.
3:25 of 1st period - Marc Methot is hit by Reilly Smith and loses puck.
3:56 of 1st period - Bruno Gervais is hit by Denis Shvidki and loses puck.
4:05 of 1st period - Wrist shot by Chris Neil.
4:05 of 1st period - Shot Misses the Net.
4:21 of 1st period - Eric Gryba is hit by Matt Gilroy and loses puck.
5:11 of 1st period - Brendan Smith is hit by Chris Terry and loses puck.
5:36 of 1st period - Ben Eager is hit by Bruno Gervais and loses puck.
5:50 of 1st period - Minor Penalty to Jonas Junland for Hooking.
5:51 of 1st period - Johan Ryno wins face-off versus Ryan O'Reilly in Wolves zone.
6:02 of 1st period - Snap shot by Nathan Davis.
6:02 of 1st period - Shot Blocked by Brendan Smith.
7:49 of 1st period - Brendan Smith is hit by Marc Methot and loses puck.
7:50 of 1st period - Penalty to Jonas Junland is over, Jonas Junland is back on ice.
8:29 of 1st period - Snap shot by Eric Godard.
8:29 of 1st period - Stopped by Eddie Lack without a rebound.
8:30 of 1st period - Roman Horak wins face-off versus Mike Zigomanis in Wolves zone.
8:31 of 1st period - Snap shot by Valeri Bure.
8:31 of 1st period - Stopped by Eddie Lack with a rebound.
8:33 of 1st period - Snap shot by Ilkka Heikkinen.
8:33 of 1st period - Shot Misses the Net.
8:55 of 1st period - Denis Shvidki is hit by Nathan Davis and loses puck.
9:22 of 1st period - Jared Cowen is hit by Chris Neil and loses puck.
9:39 of 1st period - Wrist shot by Johan Ryno.
9:39 of 1st period - Shot Blocked by Evander Kane.
9:41 of 1st period - Slapshot by Jonas Junland.
9:41 of 1st period - Shot Blocked by Reilly Smith.
10:16 of 1st period - Dmitry Kulikov is hit by Ben Eager and loses puck.
10:39 of 1st period - Slapshot by Matt Gilroy.
10:39 of 1st period - Stopped by Peter Mannino without a rebound.
10:40 of 1st period - Ryan O'Reilly wins face-off versus Kevin Veilleux in Scraper zone.
10:58 of 1st period - Rick Schofield is hit by Mike Sislo.
11:04 of 1st period - Wrist shot by Chris Neil.
11:04 of 1st period - Stopped by Peter Mannino with a rebound.
11:34 of 1st period - Snap shot by Jonathan Rheault.
11:34 of 1st period - Shot Misses the Net.
11:36 of 1st period - Slapshot by Matt Gilroy.
11:36 of 1st period - Stopped by Peter Mannino with a rebound.
11:38 of 1st period - Snap shot by Carl Klingberg.
11:38 of 1st period - Stopped by Peter Mannino without a rebound.
11:39 of 1st period - Nathan Davis wins face-off versus Rick Schofield in Scraper zone.
12:28 of 1st period - Wrist shot by Milan Bartovic.
12:28 of 1st period - Goal by Milan Bartovic - Scraper : 0 - Wolves : 1.
12:29 of 1st period - Denis Shvidki wins face-off versus Mike Zigomanis in neutral zone.
12:54 of 1st period - Jonas Junland is hit by Ryan O'Reilly and loses puck.
13:11 of 1st period - Marc Methot is hit by Valeri Bure.
13:19 of 1st period - Snap shot by Nathan Davis.
13:19 of 1st period - Shot Hit the Post.
13:21 of 1st period - Snap shot by Jonathan Rheault.
13:21 of 1st period - Shot Hit the Post.
13:23 of 1st period - Wrist shot by Jonas Junland.
13:23 of 1st period - Stopped by Peter Mannino without a rebound.
13:24 of 1st period - Mike Zigomanis wins face-off versus Rick Schofield in Scraper zone.
13:30 of 1st period - Minor Penalty to Rick Schofield for Hooking.
13:31 of 1st period - Eric Godard wins face-off versus Mike Zigomanis in Scraper zone.
13:42 of 1st period - Icing by Chris Neil.
13:43 of 1st period - Eric Godard wins face-off versus Mike Zigomanis in Wolves zone.
13:51 of 1st period - Minor Penalty to Chris Neil for Hooking.
13:52 of 1st period - Ryan O'Reilly wins face-off versus Mike Zigomanis in Wolves zone.
13:54 of 1st period - Wrist shot by Ryan O'Reilly.
13:54 of 1st period - Shot Blocked by Matt Gilroy.
14:01 of 1st period - Icing by Nathan Davis.
14:02 of 1st period - Mike Zigomanis wins face-off versus Ryan O'Reilly in Wolves zone.
14:19 of 1st period - Wrist shot by Mike Zigomanis.
14:19 of 1st period - Shot Blocked by Jared Cowen.
14:29 of 1st period - Wrist shot by Nathan Davis.
14:29 of 1st period - Shot Misses the Net.
14:35 of 1st period - Snap shot by Mike Zigomanis.
14:35 of 1st period - Stopped by Peter Mannino without a rebound.
14:36 of 1st period - Mike Zigomanis wins face-off versus Ryan O'Reilly in Scraper zone.
14:59 of 1st period - Snap shot by Valeri Bure.
14:59 of 1st period - Shot Misses the Net.
15:30 of 1st period - Penalty to Rick Schofield is over, Rick Schofield is back on ice.
15:44 of 1st period - Slapshot by Rick Schofield.
15:44 of 1st period - Stopped by Eddie Lack without a rebound.
15:45 of 1st period - Nathan Davis wins face-off versus Rick Schofield in Wolves zone.
15:51 of 1st period - Penalty to Chris Neil is over, Chris Neil is back on ice.
16:10 of 1st period - Wrist shot by Milan Bartovic.
16:10 of 1st period - Shot Blocked by Eric Gryba.
16:12 of 1st period - Wrist shot by Geoff Paukovich.
16:12 of 1st period - Shot Misses the Net.
16:14 of 1st period - Slapshot by Jonas Junland.
16:14 of 1st period - Stopped by Peter Mannino without a rebound.
16:15 of 1st period - Roman Horak wins face-off versus Dan Fritsche in Scraper zone.
16:17 of 1st period - Penalty Shot by Brendan Smith for Scraper.
16:17 of 1st period - Deke by Brendan Smith.
16:17 of 1st period - Goal by Brendan Smith - Scraper : 1 - Wolves : 1.
16:18 of 1st period - Mike Zigomanis wins face-off versus Ryan O'Reilly in neutral zone.
16:19 of 1st period - Ryan O'Reilly wins face-off versus Mike Zigomanis in Scraper zone.
16:22 of 1st period - Minor Penalty to Evander Kane for Interference.
16:23 of 1st period - Mike Zigomanis wins face-off versus Rick Schofield in Scraper zone.
16:23 of 1st period - Wrist shot by Chris Neil.
16:23 of 1st period - Shot Misses the Net.
16:25 of 1st period - Wrist shot by Chris Neil.
16:25 of 1st period - Shot Blocked by Ilkka Heikkinen.
16:27 of 1st period - Wrist shot by Chris Neil.
16:27 of 1st period - Shot Misses the Net.
16:39 of 1st period - Snap shot by Mike Zigomanis.
16:39 of 1st period - Goal by Mike Zigomanis - Scraper : 1 - Wolves : 2.
16:40 of 1st period - Mike Zigomanis wins face-off versus Rick Schofield in neutral zone.
16:49 of 1st period - Wrist shot by Mike Zigomanis.
16:49 of 1st period - Shot Blocked by Jared Cowen.
16:51 of 1st period - Slapshot by Dmitry Kulikov.
16:51 of 1st period - Shot Misses the Net.
17:34 of 1st period - Johan Ryno is hit by Marcus Foligno and loses puck.
17:57 of 1st period - Snap shot by Mike Zigomanis.
17:57 of 1st period - Deflect By Rick Schofield.
17:57 of 1st period - Goal by Mike Zigomanis - Scraper : 1 - Wolves : 3.
17:58 of 1st period - Evander Kane wins face-off versus Mike Zigomanis in neutral zone.
18:03 of 1st period - Snap shot by Reilly Smith.
18:03 of 1st period - Deflect By Chris Neil.
18:03 of 1st period - Shot Misses the Net.
18:03 of 1st period - Puck is out of play.
18:04 of 1st period - Evander Kane wins face-off versus Mike Zigomanis in Wolves zone.
18:32 of 1st period - Wrist shot by Milan Bartovic.
18:32 of 1st period - Shot Misses the Net.
18:34 of 1st period - Wrist shot by Bruno Gervais.
18:34 of 1st period - Deflect By Milan Bartovic.
18:34 of 1st period - Stopped by Peter Mannino with a rebound.
18:36 of 1st period - Slapshot by Dmitry Kulikov.
18:36 of 1st period - Shot Misses the Net.
18:38 of 1st period - Backhand shot by Bruno Gervais.
18:38 of 1st period - Shot Misses the Net.
18:40 of 1st period - Snap shot by Milan Bartovic.
18:40 of 1st period - Shot Misses the Net.
19:02 of 1st period - Eric Gryba is hit by Carl Klingberg and loses puck.
19:08 of 1st period - Minor Penalty to Carl Klingberg for Tripping.
19:09 of 1st period - Nathan Davis wins face-off versus Ryan O'Reilly in Wolves zone.
19:47 of 1st period - Wrist shot by Ilkka Heikkinen.
19:47 of 1st period - Shot Misses the Net.
Goals for this period are 1 for Scraper vs 3 for Wolves.
Shots for this period are 3 for Scraper vs 12 for Wolves.
2nd period
0:01 of 2nd period - Ryan O'Reilly wins face-off versus Nathan Davis in neutral zone.
0:10 of 2nd period - Slapshot by Brendan Smith.
0:10 of 2nd period - Goal by Brendan Smith - Scraper : 2 - Wolves : 3.
0:11 of 2nd period - Mike Zigomanis wins face-off versus Rick Schofield in neutral zone.
0:36 of 2nd period - Dmitry Kulikov is hit by Evander Kane and loses puck.
0:45 of 2nd period - Wrist shot by Dmitry Kulikov.
0:45 of 2nd period - Shot Blocked by Derek Joslin.
1:01 of 2nd period - Slapshot by Ilkka Heikkinen.
1:01 of 2nd period - Stopped by Eddie Lack without a rebound.
1:02 of 2nd period - Mike Zigomanis wins face-off versus Roman Horak in Wolves zone.
1:02 of 2nd period - Valeri Bure beats up Chris Neil.
1:02 of 2nd period - Penalty to Chris Neil for Fighting.
1:02 of 2nd period - Penalty to Valeri Bure for Fighting.
1:03 of 2nd period - Rick Schofield wins face-off versus Mike Zigomanis in Wolves zone.
1:06 of 2nd period - Wrist shot by Ben Eager.
1:06 of 2nd period - Stopped by Eddie Lack with a rebound.
2:14 of 2nd period - Slapshot by Ben Eager.
2:14 of 2nd period - Stopped by Eddie Lack with a rebound.
2:28 of 2nd period - Derek Joslin is hit by Mike Zigomanis.
2:38 of 2nd period - Snap shot by Nathan Davis.
2:38 of 2nd period - Goal by Nathan Davis - Scraper : 2 - Wolves : 4.
2:38 of 2nd period - Maxime Ouellet enters game.
2:39 of 2nd period - Rick Schofield wins face-off versus Mike Zigomanis in neutral zone.
2:51 of 2nd period - Off-side.
2:52 of 2nd period - Mike Zigomanis wins face-off versus Ryan O'Reilly in neutral zone.
2:55 of 2nd period - Wrist shot by Dan Fritsche.
2:55 of 2nd period - Stopped by Maxime Ouellet with a rebound.
2:57 of 2nd period - Slapshot by Dmitry Kulikov.
2:57 of 2nd period - Shot Blocked by Eric Gryba.
3:06 of 2nd period - Off-side.
3:07 of 2nd period - Mike Zigomanis wins face-off versus Ben Eager in neutral zone.
3:16 of 2nd period - Snap shot by Mike Sislo.
3:16 of 2nd period - Stopped by Maxime Ouellet with a rebound.
3:18 of 2nd period - Wrist shot by Dan Fritsche.
3:18 of 2nd period - Stopped by Maxime Ouellet with a rebound.
3:20 of 2nd period - Wrist shot by Dan Fritsche.
3:20 of 2nd period - Stopped by Maxime Ouellet without a rebound.
3:21 of 2nd period - Dan Fritsche wins face-off versus Reilly Smith in Scraper zone.
3:36 of 2nd period - Snap shot by Milan Bartovic.
3:36 of 2nd period - Deflect By Dan Fritsche.
3:36 of 2nd period - Shot Misses the Net.
3:36 of 2nd period - Puck is out of play.
3:37 of 2nd period - Mike Zigomanis wins face-off versus Rick Schofield in Scraper zone.
3:40 of 2nd period - Wrist shot by Dan Fritsche.
3:40 of 2nd period - Stopped by Maxime Ouellet with a rebound.
3:47 of 2nd period - Off-side.
3:48 of 2nd period - Ryan O'Reilly wins face-off versus Dan Fritsche in neutral zone.
4:31 of 2nd period - Minor Penalty to Ryan O'Reilly for Cross-checking.
4:32 of 2nd period - Rick Schofield wins face-off versus Mike Zigomanis in Scraper zone.
4:41 of 2nd period - Snap shot by Mike Zigomanis.
4:41 of 2nd period - Shot Misses the Net.
4:43 of 2nd period - Snap shot by Mike Sislo.
4:43 of 2nd period - Stopped by Maxime Ouellet without a rebound.
4:44 of 2nd period - Rick Schofield wins face-off versus Mike Zigomanis in Scraper zone.
4:57 of 2nd period - Slapshot by Derek Joslin.
4:57 of 2nd period - Shot Blocked by Dmitry Kulikov.
4:59 of 2nd period - Slapshot by Ilkka Heikkinen.
4:59 of 2nd period - Shot Blocked by Mike Sislo.
5:09 of 2nd period - Rick Schofield is hit by Dmitry Kulikov and loses puck.
5:52 of 2nd period - Wrist shot by Eric Godard.
5:52 of 2nd period - Shot Misses the Net.
5:54 of 2nd period - Wrist shot by Brendan Smith.
5:54 of 2nd period - Deflect By Eric Godard.
5:54 of 2nd period - Goal by Eric Godard - Scraper : 3 - Wolves : 4.
5:55 of 2nd period - Rick Schofield wins face-off versus Mike Zigomanis in neutral zone.
6:02 of 2nd period - Penalty to Valeri Bure is over, Valeri Bure is back on ice.
6:31 of 2nd period - Penalty to Ryan O'Reilly is over, Ryan O'Reilly is back on ice.
6:40 of 2nd period - Snap shot by Ryan O'Reilly.
6:40 of 2nd period - Shot Hit the Post.
6:42 of 2nd period - Snap shot by Brendan Smith.
6:42 of 2nd period - Stopped by Eddie Lack with a rebound.
6:44 of 2nd period - Slapshot by Eric Gryba.
6:44 of 2nd period - Shot Blocked by Geoff Paukovich.
6:46 of 2nd period - Wrist shot by Evander Kane.
6:46 of 2nd period - Shot Misses the Net.
6:48 of 2nd period - Snap shot by Eric Gryba.
6:48 of 2nd period - Stopped by Eddie Lack with a rebound.
7:20 of 2nd period - Slapshot by Brendan Smith.
7:20 of 2nd period - Shot Misses the Net.
8:03 of 2nd period - Icing by Reilly Smith.
8:04 of 2nd period - Ryan O'Reilly wins face-off versus Dan Fritsche in Scraper zone.
8:04 of 2nd period - Ryan O'Reilly is hit by Dan Fritsche.
8:10 of 2nd period - Milan Bartovic is hit by Denis Shvidki and loses puck.
9:37 of 2nd period - Mike Zigomanis is hit by Evander Kane and loses puck.
10:15 of 2nd period - Snap shot by Valeri Bure.
10:15 of 2nd period - Stopped by Eddie Lack with a rebound.
10:30 of 2nd period - Ilkka Heikkinen is hit by Milan Bartovic and loses puck.
10:37 of 2nd period - Reilly Smith is hit by Geoff Paukovich and loses puck.
11:40 of 2nd period - Roman Horak is hit by Nathan Davis and loses puck.
11:48 of 2nd period - Icing by Joe Finley.
11:49 of 2nd period - Dan Fritsche wins face-off versus Roman Horak in Scraper zone.
11:54 of 2nd period - Snap shot by Mike Zigomanis.
11:54 of 2nd period - Shot Misses the Net.
11:56 of 2nd period - Snap shot by Chris Neil.
11:56 of 2nd period - Deflect By Mike Sislo.
11:56 of 2nd period - Stopped by Maxime Ouellet without a rebound.
11:57 of 2nd period - Mike Zigomanis wins face-off versus Rick Schofield in Scraper zone.
12:31 of 2nd period - Slapshot by Ryan O'Reilly.
12:31 of 2nd period - Deflect By Reilly Smith.
12:31 of 2nd period - Shot Blocked by Dan Fritsche.
12:31 of 2nd period - Dan Fritsche from Wolves is injured at 12:31 of 2nd period (Sprained Left Ankle).
12:32 of 2nd period - Rick Schofield wins face-off versus Mike Zigomanis in Wolves zone.
12:42 of 2nd period - Minor Penalty to Mike Zigomanis for High sticking.
12:43 of 2nd period - Nathan Davis wins face-off versus Ryan O'Reilly in Wolves zone.
12:48 of 2nd period - Icing by Brendan Smith.
12:49 of 2nd period - Ryan O'Reilly wins face-off versus Nathan Davis in Scraper zone.
12:53 of 2nd period - Off-side.
12:54 of 2nd period - Ryan O'Reilly wins face-off versus Nathan Davis in neutral zone.
13:07 of 2nd period - Nathan Davis is hit by Denis Shvidki and loses puck.
14:42 of 2nd period - Penalty to Mike Zigomanis is over, Mike Zigomanis is back on ice.
15:15 of 2nd period - Snap shot by Matt Gilroy.
15:15 of 2nd period - Deflect By Ilkka Heikkinen.
15:15 of 2nd period - Stopped by Maxime Ouellet with a rebound.
16:04 of 2nd period - Jonas Junland is hit by Eric Gryba and loses puck.
16:39 of 2nd period - Ilkka Heikkinen is hit by Bruno Gervais and loses puck.
17:51 of 2nd period - Roman Horak is hit by Matt Gilroy.
18:09 of 2nd period - Valeri Bure is hit by Dmitry Kulikov and loses puck.
18:55 of 2nd period - Eric Gryba is hit by Mike Sislo and loses puck.
19:11 of 2nd period - Ryan O'Reilly is hit by Bruno Gervais and loses puck.
Goals for this period are 2 for Scraper vs 1 for Wolves.
Shots for this period are 8 for Scraper vs 9 for Wolves.
3rd period
0:01 of 3rd period - Mike Zigomanis wins face-off versus Rick Schofield in neutral zone.
0:04 of 3rd period - Ben Eager is hit by Dmitry Kulikov and loses puck.
0:11 of 3rd period - Snap shot by Chris Neil.
0:11 of 3rd period - Shot Misses the Net.
0:13 of 3rd period - Slapshot by Bruno Gervais.
0:13 of 3rd period - Stopped by Maxime Ouellet without a rebound.
0:14 of 3rd period - Ryan O'Reilly wins face-off versus Mike Zigomanis in Scraper zone.
0:51 of 3rd period - Minor Penalty to Brendan Smith for Hooking.
0:52 of 3rd period - Rick Schofield wins face-off versus Mike Zigomanis in Scraper zone.
1:23 of 3rd period - Slapshot by Matt Gilroy.
1:23 of 3rd period - Shot Blocked by Roman Horak.
1:27 of 3rd period - Snap shot by Geoff Paukovich.
1:27 of 3rd period - Stopped by Maxime Ouellet with a rebound.
1:29 of 3rd period - Wrist shot by Milan Bartovic.
1:29 of 3rd period - Goal by Milan Bartovic - Scraper : 3 - Wolves : 5.
1:30 of 3rd period - Rick Schofield wins face-off versus Mike Sislo in neutral zone.
1:39 of 3rd period - Wrist shot by Ben Eager.
1:39 of 3rd period - Shot Blocked by Dmitry Kulikov.
2:10 of 3rd period - Snap shot by Milan Bartovic.
2:10 of 3rd period - Stopped by Maxime Ouellet with a rebound.
2:25 of 3rd period - Minor Penalty to Carl Klingberg for Holding.
2:26 of 3rd period - Ryan O'Reilly wins face-off versus Nathan Davis in Wolves zone.
4:25 of 3rd period - Penalty to Carl Klingberg is over, Carl Klingberg is back on ice.
4:34 of 3rd period - Snap shot by Dmitry Kulikov.
4:34 of 3rd period - Shot Misses the Net.
4:36 of 3rd period - Snap shot by Chris Neil.
4:36 of 3rd period - Stopped by Maxime Ouellet with a rebound.
4:38 of 3rd period - Wrist shot by Mike Zigomanis.
4:38 of 3rd period - Goal by Mike Zigomanis - Scraper : 3 - Wolves : 6.
4:39 of 3rd period - Marcus Foligno wins face-off versus Chris Neil in neutral zone.
4:48 of 3rd period - Minor Penalty to Dmitry Kulikov for Hooking.
4:49 of 3rd period - Ryan O'Reilly wins face-off versus Nathan Davis in Wolves zone.
4:50 of 3rd period - Wrist shot by Evander Kane.
4:50 of 3rd period - Deflect By Denis Shvidki.
4:50 of 3rd period - Stopped by Eddie Lack without a rebound.
4:51 of 3rd period - Nathan Davis wins face-off versus Ryan O'Reilly in Wolves zone.
4:51 of 3rd period - Nathan Davis is hit by Evander Kane.
4:57 of 3rd period - Backhand shot by Evander Kane.
4:57 of 3rd period - Stopped by Eddie Lack with a rebound.
4:59 of 3rd period - Wrist shot by Ryan O'Reilly.
4:59 of 3rd period - Goal by Ryan O'Reilly - Scraper : 4 - Wolves : 6.
5:00 of 3rd period - Mike Sislo wins face-off versus Rick Schofield in neutral zone.
5:14 of 3rd period - Minor Penalty to Dmitry Kulikov for Hooking.
5:15 of 3rd period - Nathan Davis wins face-off versus Ryan O'Reilly in Wolves zone.
5:34 of 3rd period - Minor Penalty to Marc-André Gragnani for Hooking.
5:35 of 3rd period - Nathan Davis wins face-off versus Denis Shvidki in Wolves zone.
5:46 of 3rd period - Snap shot by Denis Shvidki.
5:46 of 3rd period - Stopped by Eddie Lack with a rebound.
5:48 of 3rd period - Wrist shot by Evander Kane.
5:48 of 3rd period - Stopped by Eddie Lack without a rebound.
5:49 of 3rd period - Nathan Davis wins face-off versus Ryan O'Reilly in Wolves zone.
6:02 of 3rd period - Wrist shot by Evander Kane.
6:02 of 3rd period - Stopped by Eddie Lack with a rebound.
6:04 of 3rd period - Snap shot by Denis Shvidki.
6:04 of 3rd period - Stopped by Eddie Lack with a rebound.
6:14 of 3rd period - Marc Methot is hit by Valeri Bure.
6:41 of 3rd period - Slapshot by Bruno Gervais.
6:41 of 3rd period - Shot Misses the Net.
6:43 of 3rd period - Slapshot by Bruno Gervais.
6:43 of 3rd period - Shot Misses the Net.
7:14 of 3rd period - Penalty to Dmitry Kulikov is over, Dmitry Kulikov is back on ice.
7:34 of 3rd period - Penalty to Marc-André Gragnani is over, Marc-André Gragnani is back on ice.
7:56 of 3rd period - Slapshot by Johan Ryno.
7:56 of 3rd period - Shot Blocked by Reilly Smith.
8:58 of 3rd period - Eric Gryba is hit by Bruno Gervais and loses puck.
10:35 of 3rd period - Marc Methot is hit by Roman Horak.
11:22 of 3rd period - Eric Gryba is hit by Milan Bartovic and loses puck.
11:47 of 3rd period - Joe Finley is hit by Carl Klingberg and loses puck.
13:16 of 3rd period - Roman Horak is hit by Mark Fayne and loses puck.
13:47 of 3rd period - Milan Bartovic is hit by Brendan Smith and loses puck.
14:40 of 3rd period - Jared Cowen is hit by Jonas Junland and loses puck.
15:29 of 3rd period - Milan Bartovic is hit by Joe Finley and loses puck.
16:00 of 3rd period - Eric Gryba is hit by Johan Ryno and loses puck.
16:38 of 3rd period - Icing by Ryan O'Reilly.
16:39 of 3rd period - Mike Zigomanis wins face-off versus Ryan O'Reilly in Scraper zone.
17:45 of 3rd period - Johan Ryno is hit by Brendan Smith and loses puck.
18:02 of 3rd period - Wrist shot by Dmitry Kulikov.
18:02 of 3rd period - Shot Blocked by Ilkka Heikkinen.
18:38 of 3rd period - Slapshot by Milan Bartovic.
18:38 of 3rd period - Deflect By Geoff Paukovich.
18:38 of 3rd period - Shot Misses the Net.
18:38 of 3rd period - Puck is out of play.
18:39 of 3rd period - Ryan Bourque wins face-off versus Roman Horak in Scraper zone.
19:04 of 3rd period - Milan Bartovic is hit by Ryan O'Reilly and loses puck.
Goals for this period are 1 for Scraper vs 2 for Wolves.
Shots for this period are 7 for Scraper vs 6 for Wolves.
Output by the SimonT Hockey Simulator (STHS) for François Prévost -- Original Page W3C XHTML 1.0 Valid